cohdb
Replays
Latest Replays
All Replays
Popular Replays
Top Player Replays
Match Explorer
How It Works
Community
CoH3 Stats
Reddit
Sign in to upload your games and track your stats! →
Sign in with Steam
Match 40611721
Unlisted
Match 40611721
Overview
Messages
Build Orders
End
Kradschützen Motorcycle Team
Selects Italian Combined Arms Battlegroup
Selects Bersaglieri Squad
Bersaglieri Squad
Bersaglieri Squad
Construct Light Support Kompanie
Selects Bersaglieri Bolster
2.5-tonne Medical Truck
Bersaglieri Squad
Fire Support Elements
Veteran Squad Leaders
Construct Panzerarmee Kommand
Selects Breda Model 30 Light Machine Guns
Panzerjäger Mechanized Group
Panzer III L Medium Tank
Mintjack
denny870522
Shane The Great
nob talk too much
0
0
Comments
sign in to comment!
No comments posted yet!